 Dungeon Crawl Stone Soup version 0.21.0-25-ge575cb9 (webtiles) character file.

693 tidbits the Insei (level 7, 0/53 HPs)
             Began as a Gnoll Transmuter on Jan 24, 2018.
             Slain by a centaur (10 damage)
             ... on level 6 of the Dungeon.
             The game lasted 00:11:11 (1311 turns).

tidbits the Insei (Gnoll Transmuter)                Turns: 1311, Time: 00:11:12

Health: 0/53       AC:  8    Str:  9 (12) XL:     7   Next: 64%
Magic:  12/15      EV: 14    Int: 18 (20) God:
Gold:   55         SH:  0    Dex: 12 (15) Spells: 11/17 levels left

rFire    + + .     SeeInvis .   a - +6 mace of Watchfulness {crush, rF++ rC-}
rCold    x . .     Gourm    .   (no shield)
rNeg     . . .     Faith    .   B - +2 robe {MR+}
rPois    .         Spirit   .   E - +0 helmet
rElec    .         Reflect  .   (no cloak)
rCorr    .         Harm     .   G - +0 pair of gloves
MR       +....                  (boots currently unavailable)
Stlth    ++........             (no amulet)
HPRegen  0.17/turn              (no ring)
MPRegen  0.14/turn              (no ring)

@: appendage
A: distributed training, fangs 1, talons 3, iridescent scales 1, clever 1,
subdued magic 1, strong nose
a: End Transformation


You were on level 6 of the Dungeon.
You were full.
You had grown temporary talons.
You visited 1 branch of the dungeon, and saw 7 of its levels.

You collected 151 gold pieces.
You spent 96 gold pieces at shops.

Inventory:

Hand Weapons
 a - the +6 mace of Watchfulness (weapon) {crush, rF++ rC-}
   (You found it on level 4 of the Dungeon)

   It inflicts extra damage upon your enemies.
   It greatly protects you from fire.
   It makes you vulnerable to cold.
 b - a +0 hand crossbow
 e - a +0 dagger
 f - a +0 hunting sling
Missiles
 g - 22 poisoned needles
 i - 25 stones (quivered)
 p - 16 arrows
Armour
 s - a +0 robe
 B - a +2 robe of magic resistance (worn)
   (You bought it in a shop on level 6 of the Dungeon)
 E - a +0 helmet (worn)
 G - a +0 pair of gloves (worn)
Wands
 k - a wand of paralysis (10)
 r - a wand of random effects (26)
 t - a wand of iceblast (4)
Potions
 h - a potion of mutation {!q}
 j - a potion of cancellation
 l - 2 potions of brilliance
 n - a potion of curing
 q - a potion of degeneration
Books
 d - a book of Changes

   Spells                             Type                      Level
   a - Beastly Appendage              Transmutation                1
   b - Sticks to Snakes               Transmutation                2
   c - Spider Form                    Transmutation/Poison         3
   d - Ice Form                       Ice/Transmutation            4
   e - Blade Hands                    Transmutation                5
Comestibles
 c - 8 rations


   Skills:
 + Level 3.7 Fighting
 + Level 2.5 Short Blades
 + Level 2.5 Long Blades
 + Level 2.5 Axes
 + Level 2.5 Maces & Flails
 + Level 2.5 Polearms
 + Level 2.5 Staves
 + Level 2.5 Slings
 + Level 2.5 Bows
 + Level 2.5 Crossbows
 + Level 2.5 Throwing
 + Level 2.5 Armour
 + Level 5.3 Dodging
 + Level 2.5 Stealth
 + Level 2.5 Shields
 + Level 7.1 Unarmed Combat
 + Level 5.6 Spellcasting
 + Level 2.1 Conjurations
 + Level 2.1 Hexes
 + Level 2.1 Charms
 + Level 2.1 Summonings
 + Level 2.1 Necromancy
 + Level 2.1 Translocations
 + Level 4.3 Transmutations
 + Level 2.1 Fire Magic
 + Level 2.1 Ice Magic
 + Level 2.1 Air Magic
 + Level 2.1 Earth Magic
 + Level 2.1 Poison Magic
 + Level 2.8 Invocations
 + Level 2.5 Evocations


You had 11 spell levels left.
You knew the following spells:

 Your Spells              Type           Power        Failure   Level  Hunger
e - Beastly Appendage     Tmut           ###...       1%          1    None
k - Sticks to Snakes      Tmut           ###.....     2%          2    None
p - Spider Form           Tmut/Pois      ##........   8%          3    ##.....


Dungeon Overview and Level Annotations

Branches:
Dungeon (7/15)
 Temple: D:4-7

Altars:
Ashenzari
Dithmenos
Makhleb
Zin

Shops:
D:6 [


Innate Abilities, Weirdness & Mutations

Your experience applies equally to all skills.
You have very sharp teeth.
Your uncanny sense of smell can sniff out nearby items.
You have claws for feet.
You are partially covered in iridescent scales. (AC +2)
Your mind is acute. (Int +2)
Your spells are a little easier to cast, but a little less powerful.


Message History

a spear; a gnoll corpse
Items here: )) †† a club; a flail; a giant cockroach corpse; a gnoll corpse Your ball python withers and dies!
What are your orders? t - Bark!
Orders for allies: a - Attack new target. r - Retreat! s - Stop attacking. g - Guard the area. f - Follow me.
Anything else - Cancel.
Gang up on whom?
Press: ? - help, Dir - move target cursor, f - orc
Aim: an orc, wielding a dagger Attack!
The orc hits your adder with a dagger.
Your adder closely misses the orc.
What are your orders? t - Bark!
Orders for allies: a - Attack new target. p - Attack previous target. r - Retreat! s - Stop attacking. g - Guard the area. f - Follow me.
Anything else - Cancel.
Gang up on whom?
Press: ? - help, Dir - move target cursor, f/p - orc
Aim: an orc, wielding a dagger Attack!
Your adder bites the orc.
The orc closely misses your adder.
Your adder bites the orc.
Casting: Beastly Appendage
Confirm with . or Enter, or press ? or * to list all spells.
You extend your transformation's duration.
Something hits your adder!!
Your adder dies!
An orc warrior comes into view. It is wielding a glaive of venom.
The orc misses you.
Okay, then.
You feel much better. The orc hits you with a dagger.
The orc warrior hits you from afar with a glaive of venom.
You are poisoned.
Okay, then.
Unknown command.
You feel sick.
It was a potion of mutation.
You feel extremely strange.
Your connection to magic feels subdued.
Iridescent scales grow over part of your body.
You feel clever.
You feel sick. The orc closely misses you.
It was a potion of brilliance.
You feel clever all of a sudden.
You feel sick.
The orc warrior hits you from afar with a glaive of venom!!
* * * LOW HITPOINT WARNING * * *
You are lethally poisoned!
The orc misses you.
You feel better. The orc warrior barely misses you.
The orc hits you but does no damage.
It was a potion of cancellation.
Your magical effects are unravelling.
You feel magically purged.
Your talons disappear.
You feel a little less clever now. The orc completely misses you.
The orc warrior closely misses you.
It was a potion of degeneration.
There was something very wrong with that liquid.
You feel weakened.
You feel dopey.
You feel clumsy. The orc hits you but does no damage.
As you read the scroll labeled UNEUMA ROGHERAGHA, it crumbles to dust.
You feel strangely unstable.
It was a scroll of teleportation.
The orc warrior closely misses you. The orc closely misses you.
Your surroundings suddenly seem different.
A centaur comes into view.
The centaur shouts!
The centaur wields a shortbow.
The centaur shoots an arrow.
The arrow hits you!
* * * LOW HITPOINT WARNING * * *
The centaur shoots an arrow.
The arrow closely misses you.
Found 2 arrows, a scratched opal ring and 29 stones.
You see here an arrow.
The centaur unwields an uncursed shortbow.
The centaur misses you.
Casting: Beastly Appendage
Confirm with . or Enter, or press ? or * to list all spells.
Your feet morph into talons.
The centaur barely misses you.
Casting: Beastly Appendage
Confirm with . or Enter, or press ? or * to list all spells.
You create a snake!
You now have 16 arrows.
The centaur misses you. The centaur closely misses you.
You hit the centaur. You bite the centaur, but do no damage.
The centaur is moderately wounded.
The centaur hits you!
* * * LOW HITPOINT WARNING * * *
The centaur hits you but does no damage.
You hit the centaur.
The centaur is heavily wounded.
The centaur barely misses you.
Your ball python bites the centaur.
The centaur barely misses you.
Your ball python bites the centaur but does no damage.
You catch the helpless centaur completely off-guard!
You hit the centaur.
The centaur is almost dead.
The centaur hits you.
* * * LOW HITPOINT WARNING * * *
Your ball python bites the centaur.
The centaur hits you!
You die...

...........###
.............#
........†....########
.............#..(...#
......###....#......#
##<....#*....#......#
.#.....#**####.....(#
.'.....#######.S.(..#
.#.............c@..=#
.#.###...#####.######
*#.# ###.# #,* #.#
*.# *,* ### *.# *,*
**# *,* ***** *,*
*_,_***,* *,,,**,,*


You could see a centaur and a friendly ball python.

Vanquished Creatures
  A hippogriff (D:6)
  A spriggan (D:7)
  A bullfrog (D:6)
  A water moccasin skeleton (D:7)
  A howler monkey (D:5)
  2 hounds
  An iguana (D:5)
  A worker ant (D:7)
  3 gnolls (D:6)
  3 adders (D:7)
  A shadow imp (D:5)
  An adder zombie (D:6)
  An adder skeleton (D:5)
  3 leopard geckos
  5 orcs
  A giant cockroach (D:6)
  5 goblins
  3 hobgoblins
  A jackal (D:4)
  A quokka (D:7)
  A ball python (D:4)
  6 bats
  A giant cockroach zombie (D:5)
  2 kobolds
  A quokka skeleton (D:6)
  A rat (D:1)
49 creatures vanquished.

Vanquished Creatures (collateral kills)
  A bullfrog zombie (D:6)
  A worker ant zombie (D:7)
  A leopard gecko (D:2)
  2 orcs (D:4)
5 creatures vanquished.

Grand Total: 54 creatures vanquished

Notes
Turn   | Place    | Note
-------+----------+-------------------------------------------
     0 | D:1      | tidbits the Gnoll Transmuter began the quest for the Orb.
     0 | D:1      | Reached XP level 1. HP: 17/17 MP: 6/6
   117 | D:2      | Reached XP level 2. HP: 23/23 MP: 5/7
   121 | D:2      | Learned a level 2 spell: Sticks to Snakes
   202 | D:2      | Found a shattered altar of Ashenzari.
   274 | D:3      | Found a shadowy altar of Dithmenos.
   379 | D:3      | Found a glowing silver altar of Zin.
   379 | D:3      | Found a burning altar of Makhleb.
   380 | D:3      | Noticed a green death
   380 | D:3      | Noticed an angel
   400 | D:3      | Reached XP level 3. HP: 14/28 MP: 3/9
   405 | D:3      | Learned a level 3 spell: Spider Form
   540 | D:4      | Reached skill level 5 in Spellcasting
   550 | D:4      | Got a pitted mace
   551 | D:4      | Identified the +6 mace of Watchfulness {crush, rF++ rC-} (You found it on level 4 of the Dungeon)
   597 | D:4      | Reached skill level 1 in Short Blades
   597 | D:4      | Reached skill level 1 in Long Blades
   597 | D:4      | Reached skill level 1 in Axes
   597 | D:4      | Reached skill level 1 in Maces & Flails
   597 | D:4      | Reached skill level 1 in Polearms
   597 | D:4      | Reached skill level 1 in Staves
   597 | D:4      | Reached skill level 1 in Slings
   597 | D:4      | Reached skill level 1 in Bows
   597 | D:4      | Reached skill level 1 in Crossbows
   597 | D:4      | Reached skill level 1 in Throwing
   597 | D:4      | Reached skill level 1 in Armour
   597 | D:4      | Reached skill level 1 in Stealth
   597 | D:4      | Reached skill level 1 in Shields
   597 | D:4      | Reached skill level 1 in Invocations
   597 | D:4      | Reached skill level 1 in Evocations
   597 | D:4      | Reached XP level 4. HP: 21/34 MP: 8/11
   683 | D:5      | Entered Level 5 of the Dungeon
   703 | D:5      | Reached skill level 1 in Conjurations
   703 | D:5      | Reached skill level 1 in Hexes
   703 | D:5      | Reached skill level 1 in Charms
   703 | D:5      | Reached skill level 1 in Summonings
   703 | D:5      | Reached skill level 1 in Necromancy
   703 | D:5      | Reached skill level 1 in Translocations
   703 | D:5      | Reached skill level 1 in Fire Magic
   703 | D:5      | Reached skill level 1 in Ice Magic
   703 | D:5      | Reached skill level 1 in Air Magic
   703 | D:5      | Reached skill level 1 in Earth Magic
   703 | D:5      | Reached skill level 1 in Poison Magic
   762 | D:5      | Reached XP level 5. HP: 24/40 MP: 8/12
   788 | D:6      | Reached skill level 3 in Fighting
   788 | D:6      | Reached skill level 4 in Transmutations
   904 | D:6      | Found Etaxu's Antique Armour Shop.
   910 | D:6      | Bought a runed robe for 96 gold pieces
   912 | D:6      | Noticed a hippogriff
   923 | D:6      | Killed a hippogriff
   923 | D:6      | Reached skill level 2 in Short Blades
   923 | D:6      | Reached skill level 2 in Long Blades
   923 | D:6      | Reached skill level 2 in Axes
   923 | D:6      | Reached skill level 2 in Maces & Flails
   923 | D:6      | Reached skill level 2 in Polearms
   923 | D:6      | Reached skill level 2 in Staves
   923 | D:6      | Reached skill level 2 in Slings
   923 | D:6      | Reached skill level 2 in Bows
   923 | D:6      | Reached skill level 2 in Crossbows
   923 | D:6      | Reached skill level 2 in Throwing
   923 | D:6      | Reached skill level 2 in Armour
   923 | D:6      | Reached skill level 5 in Dodging
   923 | D:6      | Reached skill level 2 in Stealth
   923 | D:6      | Reached skill level 2 in Shields
   923 | D:6      | Reached skill level 2 in Invocations
   923 | D:6      | Reached skill level 2 in Evocations
   923 | D:6      | Reached XP level 6. HP: 33/47 MP: 14/14
  1103 | D:7      | Reached XP level 7. HP: 52/52 MP: 10/15
  1173 | D:7      | Reached skill level 7 in Unarmed Combat
  1200 | D:7      | Noticed a spriggan baker
  1213 | D:7      | Killed a spriggan baker
  1213 | D:7      | Reached skill level 2 in Conjurations
  1213 | D:7      | Reached skill level 2 in Hexes
  1213 | D:7      | Reached skill level 2 in Charms
  1213 | D:7      | Reached skill level 2 in Summonings
  1213 | D:7      | Reached skill level 2 in Necromancy
  1213 | D:7      | Reached skill level 2 in Translocations
  1213 | D:7      | Reached skill level 2 in Fire Magic
  1213 | D:7      | Reached skill level 2 in Ice Magic
  1213 | D:7      | Reached skill level 2 in Air Magic
  1213 | D:7      | Reached skill level 2 in Earth Magic
  1213 | D:7      | Reached skill level 2 in Poison Magic
  1297 | D:6      | Gained mutation: Your spells are a little easier to cast, but a little less powerful. [potion of mutation]
  1297 | D:6      | Gained mutation: You are partially covered in iridescent scales. (AC +2) [potion of mutation]
  1297 | D:6      | Gained mutation: Your mind is acute. (Int +2) [potion of mutation]
  1311 | D:6      | Slain by a centaur

Skill      XL: |  1  2  3  4  5  6  7 |
---------------+----------------------+-----
Spellcasting   | 5 |  5.6
Short Blades   | 1 2 |  2.5
Long Blades    | 1 2 |  2.5
Axes           | 1 2 |  2.5
Maces & Flails | 1 2 |  2.5
Polearms       | 1 2 |  2.5
Staves         | 1 2 |  2.5
Slings         | 1 2 |  2.5
Bows           | 1 2 |  2.5
Crossbows      | 1 2 |  2.5
Throwing       | 1 2 |  2.5
Armour         | 1 2 |  2.5
Stealth        | 1 2 |  2.5
Shields        | 1 2 |  2.5
Invocations    | 1 2 |  2.8
Evocations     | 1 2 |  2.5
Conjurations   | 1 2 |  2.1
Hexes          | 1 2 |  2.1
Charms         | 1 2 |  2.1
Summonings     | 1 2 |  2.1
Necromancy     | 1 2 |  2.1
Translocations | 1 2 |  2.1
Fire Magic     | 1 2 |  2.1
Ice Magic      | 1 2 |  2.1
Air Magic      | 1 2 |  2.1
Earth Magic    | 1 2 |  2.1
Poison Magic   | 1 2 |  2.1
Fighting       | 3 |  3.7
Transmutations | 4 |  4.3
Dodging        | 5 |  5.3
Unarmed Combat | 7 |  7.1

Action                   |  1- 3 |  4- 6 |  7- 9 || total
-------------------------+-------+-------+-------++-------
Melee: Unarmed           |    43 |       |       ||    43
       Kick              |     7 |     6 |     2 ||    15
       Headbutt          |     6 |       |       ||     6
       Bite              |     3 |     4 |     3 ||    10
       Punch             |     1 |     1 |     1 ||     3
       Mace              |     5 |    41 |    27 ||    73
       Dagger            |       |     5 |       ||     5
 Cast: Beastly Appendage |    14 |     3 |     6 ||    23
       Sticks to Snakes  |     9 |     8 |     5 ||    22
Evoke: Wand              |       |     2 |     1 ||     3
  Use: Scroll            |     2 |     1 |     2 ||     5
       Potion            |       |       |     6 ||     6
 Stab: Sleeping          |     1 |     1 |     1 ||     3
       Paralysed         |       |     4 |       ||     4
       Distracted        |       |       |     1 ||     1
  Eat: Ration            |     1 |       |     1 ||     2
Armor: Robe              |     3 |     7 |    12 ||    22
Dodge: Dodged            |    41 |    29 |    34 ||   104

Table legend:
 A = Turns spent in this place as a percentage of turns spent in the entire game.
 B = Non-inter-level travel turns spent in this place as a percentage of non-inter-level travel turns spent in the entire game.
 C = Inter-level travel turns spent in this place as a percentage of turns spent in this place.
 D = Turns resting spent in this place as a percentage of non-inter-level travel turns spent in this place.
 E = Turns spent auto-exploring this place as a percentage of non-inter-level travel turns spent in this place.
 F = Non-inter-level travel turns spent in this place divided by the number of levels of this place that you've seen.
                   A       B       C       D       E      F
               +-------+-------+-------+-------+-------+----------------------
         Total | 100.0 | 100.0 |   0.0 |   0.0 |   0.0 | 187.3
       Dungeon | 100.0 | 100.0 |   0.0 |   0.0 |   0.0 | 187.3
               +-------+-------+-------+-------+-------+----------------------

Table legend:
 A = Kills in this place as a percentage of kills in entire the game.
 B = Kills by you in this place as a percentage of kills by you in the entire game.
 C = Kills by friends in this place as a percentage of kills by friends in the entire game.
 D = Other kills in this place as a percentage of other kills in the entire game.
 E = Experience gained in this place as a percentage of experience gained in the entire game.
 F = Experience gained in this place divided by the number of levels of this place that you have seen.
                   A       B       C       D       E      F
               +-------+-------+-------+-------+-------+----------------------
         Total | 100.0 | 100.0 | 100.0 |   N/A | 100.0 | 141.6
       Dungeon | 100.0 | 100.0 | 100.0 |   N/A | 100.0 | 141.6
               +-------+-------+-------+-------+-------+----------------------

Vault maps used:
D:1:      dpeg_arrival_arbitrary_b
D:2:      nicolae_ashenzari_panopticon, first_ration
D:3:      grunt_temple_overflow_order_and_chaos_2,
          nicolae_dithmenos_through_a_glass_darkly, uniq_ijyb
D:5:      gammafunk_steamed_eel, nicolae_ru_sacrificial_ziggurat,
          minmay_temple_entry_poolview, solitary_fountain, fedhas_altar_1,
          uniq_edmund, uniq_pikel, uniq_blork_the_orc
D:6:      lemuel_ice_spiral_2, grunt_temple_overflow_bloody_war, serial_shops,
          shop, hangedman_abyss_or_decor_stabs
D:7:      kennysheep_mini, the_bakery, minmay_misc_feat_more_columns
